 Dungeon Crawl Stone Soup version 0.20.1-1-g8b1a95d (webtiles) character file.

397 mopl the Covered (level 7, -1/54 HPs)
             Began as a Formicid Wanderer on Oct 1, 2017.
             Slain by Menkaure (8 damage)
             ... on level 4 of the Dungeon.
             The game lasted 00:04:24 (2516 turns).

mopl the Covered (Formicid Wanderer)                Turns: 2516, Time: 00:04:24

Health: -1/54      AC: 13    Str: 13    XL:     7   Next: 10%
Magic:  7/7        EV:  4    Int: 10    God:
Gold:   126        SH:  0    Dex: 12    Spells: 6/6 levels left

rFire    . . .     SeeInvis +   a - +2 quarterstaff
rCold    . . .     Gourm    .   (no shield)
rNeg     . . .     Faith    .   h - +0 plate armour (curse)
rPois    +         Spirit   .   (helmet unavailable)
rElec    .         Reflect  .   e - +0 cloak (curse)
rCorr    .         Harm     .   (no gloves)
MR       .....                  (no boots)
Stlth    ..........             (no amulet)
Regen    0.2/turn               b - -5 ring of strength (curse)
MPRegen  0.1/turn               g - ring of poison resistance

@: no status effects
A: permanent stasis, dig shafts and tunnels, four strong arms, antennae 3
a: Dig, Shaft Self


You were on level 4 of the Dungeon.
You were not hungry.

You visited 1 branch of the dungeon, and saw 4 of its levels.

You collected 126 gold pieces.

Inventory:

Hand Weapons
 a - a +2 quarterstaff (weapon)
 c - a +1 dagger of venom
 s - a +0 hand axe
Armour
 e - a cursed +0 cloak (worn)
 h - a cursed +0 plate armour (worn)
Jewellery
 b - a cursed -5 ring of strength (left hand)
 g - a ring of poison resistance (right hand)
Scrolls
 i - a scroll of fear {unknown}
 k - 2 scrolls of enchant weapon {unknown}
 l - a scroll of recharging {unknown}
 n - 4 scrolls of amnesia {unknown}
 p - 3 scrolls of remove curse {unknown}
 r - 4 scrolls of identify {unknown}
Potions
 j - a potion of might
 m - a potion of haste {unknown}
 o - a potion of brilliance {unknown}
Comestibles
 d - 2 bread rations
 f - 2 royal jellies


   Skills:
 + Level 4.1 Fighting
 * Level 3.9(4.4) Axes
   Level 3.0(4.0) Maces & Flails
 - Level 1.0(2.1) Staves
 + Level 4.6 Armour
 - Level 1.0 Dodging
 - Level 1.2 Stealth
   Level 1.1 Evocations


You had 6 spell levels left.
You didn't know any spells.

Dungeon Overview and Level Annotations

Branches:
Dungeon (4/15)
 Temple: D:4-7

Altars:
Fedhas

Annotations:
D:4 Menkaure


Innate Abilities, Weirdness & Mutations

You cannot be hasted, slowed, berserked, paralysed or teleported.
You can dig through walls and to a lower floor.
Your four strong arms can wield two-handed weapons with a shield.
You have a pair of large antennae on your head. (SInv)


Message History

You dig through the rock wall.
You retract your mandibles.
You hit Menkaure but do no damage. Menkaure hits you!
Your plate armour prevents you from hitting Menkaure.
Menkaure hits you but does no damage. x2
You completely miss Menkaure. Menkaure closely misses you.
You sock Menkaure!
Menkaure is moderately damaged.
Menkaure hits you!
Menkaure murmurs, "It doesn't hurt if you pull your brain out of your nose yourself."
Menkaure hits you!
* * * LOW HITPOINT WARNING * * *
You hit Menkaure but do no damage.
Menkaure is moderately damaged.
Menkaure hits you!
* * * LOW HITPOINT WARNING * * *
You hit Menkaure.
Menkaure is moderately damaged.
Menkaure hits you!
You die...

..###.........#.....#
....#...#.....#.....#
..............#.....#
........#.....#.....#
#.......#.....#.....#
#.....{{#.....#.##
##.....##........##
#....{###.#######M#
....{## #.# #@#..#
.....# #.# ##..##
......# #. ..#
......# ..# ........
... { .#####... ....
## #.. ..... .....#


You could see Menkaure.

Vanquished Creatures
  A black bear (D:4)
  An orc priest (D:3)
  3 orc wizards (D:3)
  Natasha (thrice) (D:3)
  A worker ant (D:4)
  2 adders
  3 worms
  4 dart slugs
  A leopard gecko (D:3)
  7 orcs (D:3)
  2 giant cockroaches
  4 hobgoblins
  3 jackals (D:1)
  3 kobolds (D:1)
  A quokka (D:2)
  8 bats
  5 frilled lizards
  5 goblins
  8 rats
65 creatures vanquished.

Notes
Turn   | Place    | Note
-------+----------+-------------------------------------------
     0 | D:1      | mopl the Formicid Wanderer began the quest for the Orb.
     0 | D:1      | mopl set off with: a +2 quarterstaff, a +0 ring mail, a potion of curing, a bread ration
     0 | D:1      | Reached XP level 1. HP: 15/15 MP: 1/1
   219 | D:1      | Reached XP level 2. HP: 22/22 MP: 2/2
   316 | D:1      | Reached skill level 3 in Armour
   329 | D:1      | Reached skill level 2 in Fighting
   406 | D:1      | Reached XP level 3. HP: 27/27 MP: 3/3
   728 | D:2      | Found a blossoming altar of Fedhas.
   911 | D:2      | Found a faded altar of an unknown god.
  1214 | D:3      | Reached XP level 4. HP: 34/34 MP: 4/4
  1283 | D:3      | Noticed Natasha
  1317 | D:3      | Killed Natasha
  1317 | D:3      | Reached skill level 1 in Axes
  1576 | D:3      | Reached skill level 3 in Fighting
  1576 | D:3      | Reached skill level 2 in Axes
  1576 | D:3      | Reached XP level 5. HP: 26/41 MP: 5/5
  1587 | D:3      | Reached skill level 4 in Armour
  1597 | D:3      | HP: 1/41 [orc/club (4)]
  1879 | D:3      | Noticed Natasha
  1890 | D:3      | Killed Natasha
  1905 | D:3      | Reached XP level 6. HP: 23/47 MP: 6/6
  1910 | D:3      | Reached skill level 3 in Axes
  2075 | D:3      | Noticed Natasha
  2080 | D:3      | Killed Natasha
  2474 | D:4      | Noticed a black bear
  2476 | D:4      | Noticed a phantom
  2486 | D:4      | Killed a black bear
  2486 | D:4      | Reached skill level 4 in Fighting
  2486 | D:4      | Reached XP level 7. HP: 40/54 MP: 7/7
  2504 | D:4      | Noticed Menkaure
  2516 | D:4      | Slain by Menkaure

Skill      XL: |  1  2  3  4  5  6 |
---------------+-------------------+-----
Armour         | 3 4 |  4.6
Fighting       | 2 3 4 |  4.1
Axes           | 2 3 |  3.9
Maces & Flails | |  3.0
Staves         | |  1.0
Dodging        | |  1.0
Stealth        | |  1.2
Evocations     | |  1.1

Action                   |  1- 3 |  4- 6 |  7- 9 || total
-------------------------+-------+-------+-------++-------
Melee: Quarterstaff      |    81 |   142 |    12 ||   235
 Abil: Dig               |       |     3 |     1 ||     4
  Use: Potion            |       |     1 |       ||     1
  Eat: Chunk             |       |     6 |       ||     6
Armor: Ring mail         |     3 |       |       ||     3
       Plate armour      |    52 |   112 |    12 ||   176
       Chain mail        |     5 |       |       ||     5
Dodge: Dodged            |    19 |    37 |     5 ||    61
